 Dungeon Crawl Stone Soup version 0.23-a0-73-g64c3ba73d4 (webtiles) character file.

17571 Oravi the Destroyer (level 12, 0/77 HPs)
             Began as a Tengu Air Elementalist on Aug 9, 2018.
             Was a High Priest of Vehumet.
             Slain by a killer bee (4 damage)
             ... on level 1 of the Lair of Beasts on Aug 10, 2018.
             The game lasted 01:40:53 (19187 turns).

Oravi the Destroyer (Tengu Air Elementalist)       Turns: 19187, Time: 01:40:53

Health: 0/77       AC:  9    Str:  9    XL:     12   Next: 49%
Magic:  25/25      EV:  2    Int: 20    God:    Vehumet [*****.]
Gold:   953        SH:  0    Dex: 15    Spells: 12/28 levels left

rFire    . . .     SeeInvis .   A - +1 war axe (venom)
rCold    + . .     Gourm    .   (no shield)
rNeg     + + +     Faith    .   j - +3 leather armour {rC+}
rPois    ∞         Spirit   .   (helmet restricted)
rElec    .         Reflect  .   D - +0 cloak (curse)
rCorr    .         Harm     .   J - +0 pair of gloves
MR       .....                  (boots unavailable)
Stlth    ++........             (no amulet)
HPRegen  0.22/turn              (no ring)
MPRegen  0.19/turn              (no ring)

@: lethally poisoned (0 -> 0), petrified, drained
A: beak, talons 3, able to fly 1
a: Fly, Renounce Religion


You were on level 1 of the Lair of Beasts.
You worshipped Vehumet.
Vehumet was extremely pleased with you.
You were not hungry.

You visited 3 branches of the dungeon, and saw 14 of its levels.

You collected 968 gold pieces.
You spent 15 gold pieces at shops.

Inventory:

Hand Weapons
 g - a +1 hand axe
 m - a +0 whip
 t - a +0 blowgun
 A - a +1 war axe of venom (weapon)
 E - a +0 dagger of venom
 I - a +2 whip of venom
 S - a +1 whip of freezing
Missiles
 b - 462 stones (quivered)
 q - 3 javelins
 r - 42 poisoned needles
 K - 5 silver tomahawks
 O - 13 tomahawks
 P - 50 arrows
 W - 5 throwing nets
 X - 7 poisoned tomahawks
Armour
 a - a +3 ring mail
 f - a cursed -1 leather armour
 j - a +3 leather armour of cold resistance (worn)
 o - a +2 robe of positive energy
 v - a +2 leather armour of fire resistance
 w - a +0 robe of fire resistance
 y - a +3 leather armour
 z - a +0 ring mail
 D - a cursed +0 cloak (worn)
 J - a +0 pair of gloves (worn)
Magical Staves
 k - an uncursed staff of wizardry
Wands
 B - a wand of enslavement (11)
 F - a wand of iceblast (6)
 H - a wand of digging (36)
 N - a wand of paralysis (3)
 R - a wand of polymorph (30)
 V - a wand of disintegration (10)
Scrolls
 e - 3 scrolls of enchant weapon
 h - a scroll of enchant armour
 i - 4 scrolls of remove curse
 l - 5 scrolls of teleportation
 C - a scroll of amnesia
 G - a scroll of magic mapping {unknown}
 M - a scroll of random uselessness {unknown}
 Q - a scroll of fear {unknown}
 T - 2 scrolls of identify
Potions
 n - 2 potions of haste
 p - 2 potions of brilliance
 s - a potion of cancellation
 u - a potion of flight {unknown}
 x - 2 potions of berserk rage {unknown}
 L - a potion of agility {unknown}
 U - a potion of invisibility {unknown}
Comestibles
 c - 20 rations


   Skills:
 * Level 9.8(9.5) Fighting
 - Level 8.0(7.7) Armour
 * Level 10.0(9.7) Dodging
 - Level 2.0(1.7) Stealth
 + Level 8.8(8.5) Spellcasting
 + Level 11.9(11.6) Conjurations
 - Level 6.0(5.7) Air Magic


You had 12 spell levels left.
You knew the following spells:

 Your Spells              Type           Power        Failure   Level  Hunger
a - Shock                 Conj/Air       ####         1%          1    None
b - Swiftness             Chrm/Air       ###.....     4%          2    None
c - Static Discharge      Conj/Air       #####...     1%          3    None
d - Lightning Bolt        Conj/Air       #####.....   2%          5    #####..
e - Iskenderun's Battles  Conj/Chrm      ####....     7%          5    #####..

Your spell library contained the following spells:

 Spells                   Type           Power        Failure   Level  Hunger
 Spider Form              Tmut/Pois      #.........   32%         3    None
 Blade Hands              Tmut           #.........   96%         5    #####..
 Ice Form                 Ice/Tmut       #.......     71%         4    ###....
 Airstrike                Air            ####......   2%          4    ###....
 Sticks to Snakes         Tmut           #.......     16%         2    None
 Beastly Appendage        Tmut           #.....       11%         1    None


Dungeon Overview and Level Annotations

Branches:
Dungeon (11/15)            Temple (1/1) D:4            Lair (2/6) D:9
    Orc (0/2) D:9
  Swamp: Lair:2-4    Shoals: Lair:2-4     Snake: Lair:2-4    Spider: Lair:2-4

Altars:
Ashenzari
Cheibriados
Dithmenos
Elyvilon
Fedhas
Gozag
Hepliaklqana
Kikubaaqudgha
Makhleb
Nemelex Xobeh
Okawaru
Qazlal
Ru
Sif Muna
Trog
Uskayaw
Vehumet
Wu Jian
Xom
Yredelemnul
Zin
The Shining One

Shops:
D:6 %   D:7 !   D:8 *   D:10 *


Innate Abilities, Weirdness & Mutations

You have a beak for a mouth.
You have claws for feet.
You can fly.


Message History

* * * LOW HITPOINT WARNING * * *
The killer bee stings you but does no damage.
The killer bee stings you.
The killer bee stings you but does no damage.
The killer bee stings you.
* * * LOW HITPOINT WARNING * * *
The killer bee stings you. The killer bee completely misses you.
The killer bee stings you but does no damage. x2
The killer bee stings you but does no damage. x2
The killer bee stings you.
* * * LOW HITPOINT WARNING * * *
The killer bee stings you.
* * * LOW HITPOINT WARNING * * *
The killer bee stings you but does no damage.
The killer bee stings you. x2
* * * LOW HITPOINT WARNING * * *
The killer bee stings you but does no damage. x2
The killer bee stings you. The killer bee completely misses you.
The killer bee stings you!
You die...

.##.## ##.# #.#.###..........#
.##.P# #.# ##### #...P#.#.###
....#### #.# #...########
#...##.###.# ### #...###.###.
#..#.......#####.#####...##......
#.##.......#.........#...###..#.#
#.#P.....................##..##.#
#..............yyy...#.......##.#
###.............@y...#..P#####...
...............y.y...............
##.#.....................#.###...
#####.....##.........##.....##P.[
# #.................##.#.#####.#
##.....P#.........#..#.# #.#
##............#.###.P># #.#
#####.#..............# #.#
###.....####P.#P.# #..


You could see 6 killer bees.

Vanquished Creatures
  Harold (D:10)
  3 two-headed ogres
  Pikel (D:8)
  An ugly thing (D:11)
  2 manticores (D:11)
  A cyclops (D:11)
  A black mamba (Lair:1)
  Psyche (D:9)
  A troll (D:10)
  A hornet (D:10)
  3 blink frogs
  4 hippogriffs
  A spriggan (D:7)
  Sigmund (D:5)
  19 yaks
  A hungry ghost (D:10)
  Edmund (D:5)
  A water moccasin (Lair:1)
  5 porcupines
  4 sky beasts
  2 black bears (D:9)
  3 ice beasts
  6 orc warriors
  7 ogres
  4 centaurs
  2 wolves (Lair:2)
  A necrophage (D:8)
  6 crocodiles
  A big kobold (D:11)
  11 bullfrogs
  2 gnoll sergeants
  A scorpion (D:5)
  4 killer bees (Lair:2)
  13 wights
  A howler monkey (D:7)
  6 crimson imps
  3 centaur zombies
  A bullfrog zombie (D:6)
  9 orc priests
  2 centaur skeletons
  9 hounds
  10 orc wizards
  Jessica (D:3)
  3 bullfrog skeletons
  2 gnoll shamans (D:6)
  Terence (D:2)
  An iguana (D:4)
  2 hell rats
  4 worker ants
  A hound zombie (D:9)
  42 gnolls
  11 adders
  2 shadow imps
  An adder zombie (D:10)
  A worm (D:3)
  6 leopard geckos
  37 orcs
  5 giant cockroaches
  7 goblins
  11 hobgoblins
  17 jackals
  2 quokkas
  A ball python (D:7)
  4 bats (D:1)
  12 frilled lizards
  2 goblin skeletons (D:9)
  3 goblin zombies (D:9)
  2 hobgoblin zombies (D:9)
  A jackal skeleton (D:6)
  8 kobolds
  3 kobold zombies (D:9)
  3 orc zombies (D:9)
  A quokka zombie (D:7)
  8 rats
  A plant (D:6)
363 creatures vanquished.

Vanquished Creatures (others)
  A crimson imp (D:8)
  3 bushes (D:9)
  5 fungi
  19 plants (D:9)
28 creatures vanquished.

Grand Total: 391 creatures vanquished

Notes
Turn   | Place    | Note
-------+----------+-------------------------------------------
     0 | D:1      | Oravi the Tengu Air Elementalist began the quest for the Orb.
     0 | D:1      | Reached XP level 1. HP: 10/10 MP: 4/4
   318 | D:1      | Reached XP level 2. HP: 15/15 MP: 4/6
   359 | D:1      | Reached skill level 2 in Conjurations
   376 | D:1      | Learned a level 2 spell: Swiftness
   702 | D:1      | Reached XP level 3. HP: 19/19 MP: 7/7
  1093 | D:2      | Found a faded altar of an unknown god.
  1161 | D:2      | Noticed Terence
  1644 | D:2      | Reached skill level 3 in Conjurations
  1644 | D:2      | Reached skill level 5 in Air Magic
  1644 | D:2      | Reached XP level 4. HP: 21/24 MP: 2/9
  2152 | D:3      | Found a sparkling altar of Nemelex Xobeh.
  2306 | D:3      | Noticed Jessica
  2324 | D:3      | Killed Jessica
  2324 | D:3      | Gained mutation: You can fly. [Tengu growth]
  2324 | D:3      | Reached XP level 5. HP: 28/28 MP: 2/10
  2396 | D:3      | Found a hide-covered altar of Uskayaw.
  2419 | D:3      | Reached skill level 1 in Armour
  3065 | D:3      | Found a blossoming altar of Fedhas.
  3180 | D:3      | Learned a level 3 spell: Static Discharge
  3199 | D:4      | Reached skill level 1 in Fighting
  3352 | D:4      | Reached XP level 6. HP: 29/34 MP: 5/11
  3603 | D:4      | Reached skill level 4 in Conjurations
  3872 | D:4      | Found a staircase to the Ecumenical Temple.
  3878 | Temple   | Entered the Ecumenical Temple
  3991 | Temple   | Became a worshipper of Vehumet
  4881 | D:2      | Killed Terence
  4942 | D:5      | Entered Level 5 of the Dungeon
  5065 | D:5      | Reached XP level 7. HP: 36/39 MP: 13/13
  5331 | D:5      | Noticed Sigmund
  5345 | D:5      | Killed Sigmund
  5345 | D:5      | Reached skill level 5 in Conjurations
  5399 | D:5      | Noticed Edmund
  5420 | D:5      | Killed Edmund
  5420 | D:5      | Reached XP level 8. HP: 33/46 MP: 3/15
  5805 | D:5      | Found a shadowy altar of Dithmenos.
  6439 | D:6      | Reached skill level 6 in Conjurations
  6646 | D:6      | Found a shimmering altar of Xom.
  6689 | D:6      | Reached skill level 5 in Dodging
  7324 | D:6      | Reached skill level 5 in Spellcasting
  7324 | D:6      | Reached XP level 9. HP: 52/52 MP: 12/17
  7415 | D:6      | Reached * piety under Vehumet
  7415 | D:6      | Offered knowledge of Magic Dart by Vehumet.
  7852 | D:6      | Reached skill level 5 in Armour
  7944 | D:6      | Reached skill level 7 in Conjurations
  8300 | D:6      | Offered knowledge of Throw Flame by Vehumet.
  8431 | D:6      | Reached ** piety under Vehumet
  8948 | D:6      | Found Lonuq's Food Shop.
  8963 | D:6      | Learned a level 5 spell: Lightning Bolt
  9109 | D:7      | Reached skill level 5 in Fighting
  9193 | D:7      | Found an ornate altar of the Wu Jian Council.
  9195 | D:7      | Found a glowing silver altar of Zin.
  9214 | D:7      | Found a deep blue altar of Sif Muna.
  9449 | D:7      | Found an iron altar of Okawaru.
  9534 | D:7      | Offered knowledge of Ignite Poison by Vehumet.
  9717 | D:7      | Reached skill level 8 in Conjurations
  9786 | D:7      | Noticed a two-headed ogre
  9795 | D:7      | Killed a two-headed ogre
  9795 | D:7      | Reached XP level 10. HP: 42/60 MP: 18/20
 10045 | D:7      | Found Suclud's Distillery.
 10825 | D:8      | Found Cesothyj's General Store.
 10853 | D:8      | Reached *** piety under Vehumet
 11039 | D:8      | Noticed Pikel
 11054 | D:8      | Killed Pikel
 11054 | D:8      | Reached skill level 9 in Conjurations
 11345 | D:8      | Noticed a two-headed ogre
 11355 | D:8      | Killed a two-headed ogre
 12095 | D:9      | Offered knowledge of Throw Icicle by Vehumet.
 12162 | D:9      | Reached XP level 11. HP: 60/64 MP: 20/22
 12305 | D:9      | Noticed Psyche
 12317 | D:9      | Killed Psyche
 12317 | D:9      | Reached skill level 10 in Conjurations
 12925 | D:9      | Reached **** piety under Vehumet
 13121 | D:9      | Offered knowledge of Iskenderun's Battlesphere by Vehumet.
 13148 | D:9      | Found a glowing golden altar of the Shining One.
 13206 | D:9      | Found a bloodstained altar of Trog.
 13336 | D:9      | Found a staircase to the Lair.
 13796 | D:9      | Found a shimmering altar of Xom.
 13955 | D:9      | Found a staircase to the Orcish Mines.
 14040 | D:9      | Upgraded the game from 0.23-a0-57-gd13e5294dc to 0.23-a0-73-g64c3ba73d4
 14058 | D:10     | Entered Level 10 of the Dungeon
 14215 | D:10     | Reached skill level 11 in Conjurations
 14746 | D:10     | Found Cusigoal's General Store.
 14755 | D:10     | Noticed Harold
 14766 | D:10     | Killed Harold
 15407 | D:11     | Noticed a manticore
 15416 | D:11     | Killed a manticore
 15569 | D:11     | Noticed a cyclops
 15722 | D:11     | Killed a cyclops
 15740 | D:11     | Learned a level 5 spell: Iskenderun's Battlesphere
 15910 | D:11     | Noticed a purple ugly thing
 16177 | D:11     | Killed a purple ugly thing
 16177 | D:11     | Reached XP level 12. HP: 75/75 MP: 4/25
 17001 | D:11     | Found a portal to a secret trove of treasure.
 17230 | D:11     | Noticed a two-headed ogre
 17237 | D:11     | Reached ***** piety under Vehumet
 17239 | D:11     | Killed a two-headed ogre
 17239 | D:11     | Offered knowledge of Yara's Violent Unravelling by Vehumet.
 17508 | D:10     | Bought a cursed +0 cloak for 15 gold pieces
 17549 | Lair:1   | Entered Level 1 of the Lair of Beasts
 19081 | Lair:2   | Reached skill level 10 in Dodging
 19187 | Lair:1   | Slain by a killer bee

Vault maps used:
D:1:      evilmike_arrival_rings
D:2:      chequers_ecumenical_altar_simple_redux,
          hangedman_abyss_or_decor_lesser_grid, uniq_terence
D:3:      eat_drink_and_be_merry_uskayaw, lemuel_crystal_altar, first_ration,
          fedhas_altar_fruit_tree, uniq_jessica
D:4:      minmay_temple_entry_enclosed_plants
D:5:      nicolae_dithmenos_shadow_blocks, uniq_edmund, uniq_sigmund
D:6:      lemuel_castle_with_subvaults, lemuel_doored_altar, serial_shops, shop,
          serial_glass, glass_columns_a, glass_columns_b, glass_columns_b,
          glass_columns_b, glass_columns_b, glass_columns_a, glass_columns_a,
          glass_columns_a, glass_columns_a, glass_columns_a
D:7:      grunt_temple_overflow_open, serial_shops, shop, the_bakery,
          okawaru_altar_gauntlet_db
D:8:      serial_shops, nicolae_shop_crystal, hangedman_abyss_or_decor_stabs,
          fountainhead, uniq_pikel
D:9:      trog_ov_bears_minmay, nicolae_tso_besieged_by_evil,
          minmay_lair_entry_grove, david_orc_4, tgw_xom, uniq_psyche
D:10:     serial_shops, shop, uniq_harold
D:11:     nicolae_trove_entry_diagonal, portal_ice_cave_entry_pillars_2,
          lightli_corner_chamber
Temple:   nicolae_temple_figure_eight
Lair:2:   wad_woods_minihive, swamp_mist, infiniplex_staircase_pool_2

Skill      XL: |  1  2  3  4  5  6  7  8  9 10 11 12 |
---------------+-------------------------------------+-----
Conjurations   | 2 3 4 5 6 8 9 11 | 11.9
Air Magic      | 5 6 |  6.0
Spellcasting   | 3 4 5 6 7 8 |  8.8
Armour         | 1 2 3 4 6 7 8 |  8.0
Fighting       | 1 3 4 5 6 8 9 |  9.8
Dodging        | 3 4 5 6 7 8 10 | 10.0
Stealth        | |  2.0

Action                   |  1- 3 |  4- 6 |  7- 9 | 10-12 || total
-------------------------+-------+-------+-------+-------++-------
Melee: Kick              |     4 |     7 |    37 |    57 ||   105
       Unarmed           |     1 |       |       |       ||     1
       Hand axe          |    24 |    26 |     5 |       ||    55
       Peck              |     2 |     4 |    19 |    44 ||    69
       War axe           |       |       |   132 |   246 ||   378
       Dagger            |       |       |     3 |       ||     3
Throw: Stone             |    32 |    13 |    50 |    79 ||   174
 Cast: Shock             |    53 |   113 |   271 |   320 ||   757
       Swiftness         |       |     1 |       |       ||     1
       Static Discharge  |       |       |     7 |    23 ||    30
       Lightning Bolt    |       |       |       |    51 ||    51
 Abil: Fly               |       |       |     2 |     6 ||     8
Evoke: Wand              |       |       |     1 |     7 ||     8
  Use: Scroll            |       |    10 |     1 |     2 ||    13
       Potion            |       |       |     1 |     5 ||     6
 Stab: Paralysed         |       |       |     7 |     6 ||    13
  Eat: Chunk             |     3 |    10 |    16 |    21 ||    50
       Ration            |       |       |       |    11 ||    11
Armor: Robe              |     3 |       |       |       ||     3
       Leather armour    |     9 |    13 |    54 |   111 ||   187
       Skin              |       |       |       |    17 ||    17
Dodge: Dodged            |    30 |    32 |   169 |   390 ||   621

Table legend:
 A = Non-vault XP
 B = Vault XP
 C = Vault XP percentage of total XP
 D = Non-vault monster count
 E = Vault monster count
 F = Vault count percentage of total count
 G = Total turns spent on level
                 A         B        C        D         E       F
            +---------+---------+-------+---------+---------+-------
      Total |   23838 |    1264 |   5.0 |     357 |       5 |   1.4
            +---------+---------+-------+---------+---------+-------
        D:1 |      43 |       0 |   0.0 |      26 |       0 |   0.0
        D:2 |      85 |       0 |   0.0 |      10 |       0 |   0.0
        D:3 |     114 |       0 |   0.0 |      21 |       0 |   0.0
        D:4 |     313 |       0 |   0.0 |      20 |       0 |   0.0
        D:5 |    1154 |       0 |   0.0 |      20 |       0 |   0.0
        D:6 |    1636 |       0 |   0.0 |      76 |       0 |   0.0
        D:7 |    2261 |       0 |   0.0 |      29 |       0 |   0.0
        D:8 |    2736 |       0 |   0.0 |      23 |       0 |   0.0
        D:9 |    5659 |       0 |   0.0 |      67 |       0 |   0.0
       D:10 |    1661 |    1013 |  37.9 |      17 |       1 |   5.6
       D:11 |    5490 |       0 |   0.0 |      33 |       0 |   0.0
     Lair:1 |    2417 |       0 |   0.0 |      12 |       0 |   0.0
     Lair:2 |     269 |     251 |  48.3 |       3 |       4 |  57.1
            +---------+---------+-------+---------+---------+-------
